 Dungeon Crawl Stone Soup version 0.30.1-5-ged363bc7ee (webtiles) character file.

Game seed: 8469451604314492769

71268 Kurtz the Severer (level 15, -12/94 HPs)
             Began as a Tengu Fighter on Sept 20, 2023.
             Was the Champion of Okawaru.
             Killed from afar by Roxanne (24 damage)
             ... with a bolt of magma
             ... on level 14 of the Dungeon.
             The game lasted 00:38:26 (25949 turns).

Kurtz the Severer (Tengu Fighter)                  Turns: 25949, Time: 00:38:26

Health: -12/94     AC: 17    Str: 29    XL:     15   Next: 36%
Magic:  20/20      EV: 11    Int:  7    God:    Okawaru [******]
Gold:   1238       SH: 16    Dex:  9    Spells: 14/14 levels left

rFire   + + .        X - +6 broad axe (heavy)
rCold   . . .        u - +0 tower shield {rF+}
rNeg    . . .        h - +3 plate armour {rF+}
rPois   +            M - +0 mask of the Dragon {Will+ Slay+3 SInv}
rElec   .            Y - +1 cloak "Likh" {Will++ Dex-4 SInv Stlth+}
rCorr   .            (no gloves)
SInv    +            (boots unavailable)
Will    +++++        S - necklace of Bloodlust {Fury *Rage Will++ Int-3 Slay+6} Stlth
                     W - ring of poison resistance
HPRegen 0.35/turn    U - +6 ring of strength
MPRegen 0.17/turn

%: random rage (50%)
@: flying quickly and evasively, quick
A: beak, talons 3, nimble flight, wild magic 1
a: Renounce Religion, Heroism, Finesse, Duel


You were on level 14 of the Dungeon.
You worshipped Okawaru.
Okawaru was exalted by your worship.
You visited 4 branches of the dungeon, and saw 21 of its levels.
You also visited: Sewer, Ossuary and Volcano.

You collected 2280 gold pieces.
You spent 1042 gold pieces at shops.

Inventory:

Hand Weapons
 K - a +2 whip of electrocution
 X - a +6 heavy broad axe (weapon)
Missiles
 e - 52 poisoned darts (quivered)
 O - 3 throwing nets
 V - 4 javelins
Armour
 h - a +3 plate armour of fire resistance (worn)
 u - a +0 tower shield of fire resistance (worn)
 M - the +0 mask of the Dragon (worn) {Will+ Slay+3 SInv}
   (You bought it in a shop on level 10 of the Dungeon)

   Slay:      It affects your accuracy & damage with ranged weapons and melee
   (+3).
   SInv:      It lets you see invisible.
   Will:      It increases your willpower.
 Y - the +1 cloak "Likh" (worn) {Will++ Dex-4 SInv Stlth+}
   (Okawaru gifted it to you on level 2 of the Lair of Beasts)

   Dex:       It affects your dexterity (-4).
   SInv:      It lets you see invisible.
   Will:      It greatly increases your willpower.
   Stlth:     It makes you more stealthy.
Jewellery
 b - an amulet of magic regeneration
 f - a ring of magical power
 n - a ring of fire
 w - a ring of see invisible
 S - the necklace of Bloodlust (around neck) {Fury *Rage Will++ Int-3 Slay+6}
   (You found it on level 11 of the Dungeon)

   [amulet of nothing]

   Fury:      It extends the wearer's berserk rage when killing foes.
   Int:       It affects your intelligence (-3).
   Slay:      It affects your accuracy & damage with ranged weapons and melee
   (+6).
   *Rage:     It berserks you when you make melee attacks (+50% chance).
   Will:      It greatly increases your willpower.
 U - a +6 ring of strength (right hand)
 W - a ring of poison resistance (left hand)
Wands
 a - a wand of mindburst (5)
 o - a wand of flame (10)
 J - a wand of quicksilver (25)
 L - a wand of iceblast (12)
Scrolls
 d - 5 scrolls of enchant armour
 j - 2 scrolls of blinking
 k - 3 scrolls of immolation
 p - 7 scrolls of teleportation
 t - a scroll of magic mapping
 x - 4 scrolls of amnesia {unknown}
 y - a scroll of silence {unknown}
 D - 5 scrolls of fog {unknown}
 E - 3 scrolls of poison
 H - 4 scrolls of fear
 P - 3 scrolls of vulnerability
Potions
 g - 4 potions of mutation
 i - 6 potions of curing
 l - a potion of invisibility
 m - 4 potions of cancellation
 q - 8 potions of haste {unknown}
 r - 3 potions of brilliance
 s - 5 potions of attraction {unknown}
 z - 3 potions of ambrosia {unknown}
 A - 4 potions of lignification
 B - 3 potions of might
 C - 2 potions of berserk rage {unknown}
 F - a potion of resistance
 I - a potion of magic
Miscellaneous
 c - a lightning rod (4/4)
 T - a phial of floods


   Skills:
 * Level 11.0 Fighting
 - Level 18.0 Axes
 * Level 4.6 Armour
 * Level 12.9 Dodging
 * Level 13.2 Shields
 - Level 5.3 Invocations


You had 14 spell levels left.
You didn't know any spells.
Your spell library contained the following spells:

 Spells                   Type           Power      Damage    Failure   Level
 Apportation              Tloc           0%         N/A       100%        1
 Beastly Appendage        Tmut           0%         N/A       100%        1
 Kiss of Death            Conj/Necr      0%         2d5       100%        1
 Sublimation of Blood     Necr           0%         N/A       100%        2
 Wereblood                Tmut           0%         N/A       100%        2
 Confusing Touch          Hex            0%         N/A       100%        3
 Dazzling Flash           Conj/Hex       0%         N/A       100%        3
 Gell's Gravitas          Tloc           0%         N/A       100%        3
 Ozocubu's Armour         Ice            0%         N/A       100%        3
 Portal Projectile        Hex/Tloc       0%         N/A       100%        3
 Spider Form              Tmut/Pois      0%         N/A       100%        3
 Teleport Other           Tloc           0%         N/A       100%        3
 Anguish                  Hex/Necr       0%         N/A       100%        4
 Cause Fear               Hex            0%         N/A       100%        4
 Dispel Undead            Necr           0%         3d6       100%        4
 Petrify                  Tmut/Erth      0%         N/A       100%        4
 Agony                    Necr           0%         N/A       100%        5
 Alistair's Intoxication  Tmut/Pois      0%         N/A       100%        5
 Borgnjor's Vile Clutch   Necr/Erth      0%         N/A       100%        5
 Irradiate                Conj/Tmut      0%         3d11      100%        5
 Silence                  Hex/Air        0%         N/A       100%        5
 Yara's Violent Unravell  Hex/Tmut       0%         3d3       100%        5
 Dispersal                Tloc           0%         N/A       100%        6
 Eringya's Noxious Bog    Tmut/Pois      0%         N/A       100%        6
 Enfeeble                 Hex            0%         N/A       100%        7
 Ozocubu's Refrigeration  Ice            0%         4d7       100%        7


Dungeon Overview and Level Annotations

Branches:
Dungeon (14/15)            Temple (1/1) D:6            Lair (4/5) D:8
  Swamp (0/4) Lair:2        Snake (0/4) Lair:3          Orc (2/2) D:10
    Elf (0/3) Orc:2        Vaults (0/5) D:13          Sewer (visited)
Ossuary (visited)         Volcano (visited)
  Slime: Lair:4-5

Altars:
Ashenzari
Cheibriados
Dithmenos
Elyvilon
Fedhas
Gozag
Hepliaklqana
Makhleb
Nemelex Xobeh
Okawaru
Qazlal
Ru
Sif Muna
Trog
Uskayaw
Vehumet
Wu Jian
Xom
Yredelemnul
Zin
The Shining One

Shops:
D:3 :   D:5 :   D:6 *   D:10 [   Orc:2 [(*=

Portals:
Abyss: Lair:3

Annotations:
D:14 Roxanne
Lair:3 2 transporters, Fiunamek's ghost, journeyman HOFi
Orc:1 3 runed translucent doors, Kausaega's ghost, journeyman DsGl


Innate Abilities, Weirdness & Mutations

You have a beak for a mouth.
You have claws for feet.
Your magical nature lets you fly swiftly and evasively.
Your spells are a little harder to cast, but a little more powerful.


Message History

HP restored.
You see here an acid dragon corpse.
j - 2 scrolls of blinking (gained 1) Key pressed, stopping explore.
Done exploring.
Done exploring.
Done exploring.
(D) Dungeon (T) Temple (L) Lair (S) Swamp (P) Snake Pit (O) Orcish Mines (E) Elven Halls (V) Vaults
Where to? (Enter - D:13, ? - help)
There is a stone staircase leading down here.
You fly downwards.
Found 2 sedimented orange potions.
Found an escape hatch in the ceiling.
There is a stone staircase leading up here.
z - 3 sedimented orange potions (gained 2)
There is a stone staircase leading up here.
Found an escape hatch in the floor.
No target in view!
Okay, then.
Roxanne, Geomancer Emeritus comes into view.
Marking area around Roxanne as unsafe for travelling.
A centaur warrior comes into view.
You block the centaur warrior's attack. x2
You block the centaur warrior's attack.
The centaur warrior kicks you but does no damage.
You slice the centaur warrior!! You claw the centaur warrior!
You peck the centaur warrior!
You kill the centaur warrior!
Okawaru accepts your kill.
Roxanne casts a spell.
The iron shot hits you!!!
Roxanne mumbles some strange words.
The bolt of magma hits you!! You partially resist.
You feel much better.
Roxanne mumbles some strange words.
The crystal spear hits you!!!
* * * LOW HITPOINT WARNING * * *
Roxanne mumbles some strange words.
The bolt of magma hits you!! You partially resist.
You die...

#..# ##.# #.# #####
#.# #...# #.## .
#...###..####
#..######...##......#
##..........##......#
......8@............#
#####......)##.>....#
......##...##......#
###### #...##......#
#...######### #####


You could see Roxanne.

Vanquished Creatures
  Rupert (Lair:3)
  2 orc warlords
  Snorg (Orc:1)
  Josephine (Orc:1)
  4 vault guards (D:13)
  A hydra (Lair:4)
  2 ogre magi
  2 boulder beetles
  2 catoblepae
  8 two-headed ogres
  2 centaur warriors
  4 orc high priests
  A hell knight (Volcano)
  Nergalle (Lair:1)
  6 orc knights
  A lindwurm (Lair:3)
  A deep elf pyromancer (D:12)
  A wizard (D:11)
  Pikel (D:8)
  An ugly thing (D:13)
  4 orc sorcerers
  5 cyclopes
  A manticore (D:12)
  A will-o-the-wisp (Lair:2)
  Maurice (D:9)
  2 black mambas
  17 elephants
  6 cane toads
  2 unseen horrors
  2 rime drakes
  Psyche (D:8)
  A kobold demonologist (D:12)
  5 komodo dragons
  A yaktaur (D:13)
  An efreet (D:13)
  5 trolls
  2 polar bears
  5 large abominations (D:11)
  Prince Ribbit (D:10)
  11 blink frogs
  9 wraiths
  5 wyverns
  A vampire (D:11)
  A human (D:13)
  4 slime creatures (D:12)
  42 yaks
  9 spriggans (D:12)
  3 basilisks
  5 fire bats (Volcano)
  A vampire mosquito (D:12)
  Grum (D:8)
  11 wargs
  3 acid dragons
  3 water moccasins
  7 small abominations (D:11)
  34 orc warriors
  An ice beast (D:7)
  2 sky beasts (D:7)
  7 ogres
  2 black bears
  7 centaurs
  9 wolves
  7 kobold brigands
  A phantom (D:6)
  16 bullfrogs
  A gnoll sergeant (D:12)
  8 scorpions
  6 wights
  14 killer bees
  4 electric eels
  4 howler monkeys
  5 hounds
  2 jellies
  5 lava snakes (Volcano)
  3 centaur zombies (Ossuary)
  A human zombie (Ossuary)
  10 orc priests
  7 scorpion zombies
  A gnoll bouda (D:6)
  3 iron imps (D:8)
  2 sleepcaps (D:6)
  3 iguanas
  29 orc wizards
  A centaur simulacrum (D:8)
  3 mummies (Ossuary)
  15 gnolls
  13 adders
  4 river rats
  5 white imps
  A worm (D:3)
  4 dart slugs
  59 orcs
  3 endoplasms
  9 giant cockroaches
  6 goblins
  7 hobgoblins
  4 jackals
  30 kobolds
  4 quokkas
  16 ball pythons
  5 bats
  9 frilled lizards
  2 gnoll zombies (Ossuary)
  3 goblin zombies (Ossuary)
  2 hobgoblin zombies (Ossuary)
  2 kobold zombies (Ossuary)
  4 orc zombies (Ossuary)
  36 rats
663 creatures vanquished.

Vanquished Creatures (others)
  4 foxfires (Lair:2)
4 creatures vanquished.

Grand Total: 667 creatures vanquished

Notes
Turn   | Place    | Note
-------+----------+-------------------------------------------
     0 | D:1      | Kurtz the Tengu Fighter began the quest for the Orb.
     0 | D:1      | Reached XP level 1. HP: 14/14 MP: 2/2
   177 | D:1      | Reached skill level 3 in Axes
   177 | D:1      | Reached XP level 2. HP: 19/19 MP: 3/3
   544 | D:2      | Reached skill level 4 in Axes
   544 | D:2      | Reached XP level 3. HP: 23/23 MP: 4/4
   660 | D:2      | Reached XP level 4. HP: 27/28 MP: 5/5
  1177 | D:3      | Reached skill level 5 in Axes
  1725 | D:3      | Found Eczetwan's Book Shoppe.
  1742 | D:3      | Found a stormy altar of Qazlal.
  1969 | D:4      | Noticed an ogre
  1975 | D:4      | Killed an ogre
  1976 | D:4      | Reached skill level 6 in Axes
  1976 | D:4      | Gained mutation: Your magical nature lets you fly swiftly
                  | and evasively. [Tengu growth]
  1976 | D:4      | Reached XP level 5. HP: 26/32 MP: 6/6
  2012 | D:4      | Reached XP level 6. HP: 37/37 MP: 7/7
  2017 | D:4      | Reached skill level 7 in Axes
  2095 | D:4      | Found a sand-covered staircase.
  2140 | Ossuary  | Entered an ossuary
  2189 | Ossuary  | Reached skill level 8 in Axes
  2189 | Ossuary  | Reached XP level 7. HP: 19/41 MP: 8/8
  2591 | Ossuary  | Reached skill level 9 in Axes
  2810 | Ossuary  | Reached XP level 8. HP: 29/46 MP: 9/9
  2812 | Ossuary  | Reached skill level 10 in Axes
  3183 | D:4      | Found a blossoming altar of Fedhas.
  3357 | D:4      | Found a basalt altar of Yredelemnul.
  3374 | D:5      | Entered Level 5 of the Dungeon
  3592 | D:5      | Found a glowing drain.
  3698 | Sewer    | Entered a sewer
  3942 | Sewer    | Reached skill level 11 in Axes
  4175 | D:5      | Found Demnuat's Vocational Training.
  4432 | D:5      | Found a radiant altar of Vehumet.
  5152 | D:6      | Reached skill level 12 in Axes
  5232 | D:6      | Reached XP level 9. HP: 46/50 MP: 10/10
  5248 | D:6      | Found a sacrificial altar of Ru.
  5287 | D:6      | Found a staircase to the Ecumenical Temple.
  5301 | Temple   | Entered the Ecumenical Temple
  5343 | Temple   | Became a worshipper of Warmaster Okawaru
  5715 | D:6      | Found Din Usis's Assorted Antiques.
  5843 | D:6      | Reached skill level 13 in Axes
  5964 | D:6      | Found a glowing golden altar of the Shining One.
  6141 | D:7      | Noticed a two-headed ogre
  6148 | D:7      | Killed a two-headed ogre
  6148 | D:7      | Reached * piety under Okawaru
  6149 | D:7      | Reached skill level 1 in Dodging
  6176 | D:7      | Found a shadowy altar of Dithmenos.
  6319 | D:7      | Reached skill level 14 in Axes
  6335 | D:7      | Reached ** piety under Okawaru
  6336 | D:7      | Reached XP level 10. HP: 48/56 MP: 11/11
  6552 | D:6      | Reached skill level 1 in Invocations
  6767 | D:7      | Found a shimmering altar of Xom.
  7119 | D:7      | Reached *** piety under Okawaru
  7323 | D:8      | Reached skill level 15 in Axes
  7378 | D:8      | Found a burning altar of Makhleb.
  7490 | D:8      | Found a staircase to the Lair.
  7680 | D:8      | Noticed Prince Ribbit
  7795 | D:8      | Noticed Psyche
  7876 | D:8      | Killed Psyche
  7876 | D:8      | Reached **** piety under Okawaru
  7877 | D:8      | Reached skill level 5 in Fighting
  7949 | D:8      | Noticed a cyclops
  7964 | D:8      | Killed a cyclops
  7965 | D:8      | Reached skill level 5 in Shields
  8130 | D:8      | Noticed Grum
  8144 | D:8      | Killed Grum
  8149 | D:8      | Reached XP level 11. HP: 14/64 MP: 1/14
  8324 | D:8      | Found a white marble altar of Elyvilon.
  8523 | D:8      | Found a sparkling altar of Nemelex Xobeh.
  8524 | D:8      | Found a glowing silver altar of Zin.
  8906 | D:9      | Noticed Pikel
  9042 | D:8      | Killed Pikel
  9100 | D:9      | Noticed Maurice
  9418 | D:9      | Reached skill level 5 in Dodging
  9444 | D:9      | HP: 3/64 [poisoned by a killer bee]
  9704 | D:9      | Found a hazy altar of Hepliaklqana.
  9890 | D:9      | Killed Maurice
  9968 | D:9      | HP: 3/64 [killer bee (6)]
 10682 | Lair:1   | Entered Level 1 of the Lair of Beasts
 11011 | Lair:1   | Noticed Nergalle
 11250 | Lair:2   | Noticed a will-o-the-wisp
 11267 | Lair:2   | Killed a will-o-the-wisp
 11457 | Lair:1   | HP: 1/67 [elephant (12)]
 11922 | D:10     | Entered Level 10 of the Dungeon
 11924 | D:10     | Found a snail-covered altar of Cheibriados.
 12273 | D:10     | Found a staircase to the Orcish Mines.
 12307 | D:10     | Reached XP level 12. HP: 58/72 MP: 15/15
 12356 | D:10     | Found Lidic's Armour Boutique.
 12373 | D:10     | Bought the +0 mask of the Dragon {Will+ Slay+3 SInv} for
                  | 434 gold pieces
 12373 | D:10     | Found the +0 mask of the Dragon {Will+ Slay+3 SInv}
 12444 | D:10     | Killed Prince Ribbit
 12444 | D:10     | Reached ***** piety under Okawaru
 12610 | D:10     | Found a shimmering blue altar of Sif Muna.
 12968 | D:10     | Found a bloodstained altar of Trog.
 13070 | D:11     | Noticed a centaur warrior
 13078 | D:11     | Killed a centaur warrior
 13485 | D:11     | Noticed a two-headed ogre
 13495 | D:11     | Killed a two-headed ogre
 13975 | D:11     | Identified the +0 buckler of Intozxie {+Blink rCorr Str-3}
                  | (Okawaru gifted it to you on level 11 of the Dungeon)
 13975 | D:11     | Received a gift from Okawaru
 14360 | D:11     | Noticed a two-headed ogre
 14382 | D:11     | Killed a two-headed ogre
 14476 | D:11     | Reached skill level 16 in Axes
 14538 | D:11     | Found the necklace of Bloodlust {Fury *Rage Will++ Int-3
                  | Slay+6}
 14855 | D:12     | Found an opulent altar of Gozag.
 15692 | D:12     | Reached skill level 5 in Invocations
 15699 | D:12     | Reached XP level 13. HP: 36/81 MP: 17/17
 16016 | D:12     | Reached skill level 10 in Fighting
 16655 | D:8      | Received a gift from Okawaru
 16776 | Lair:1   | Killed Nergalle
 16777 | Lair:1   | Reached skill level 10 in Dodging
 17776 | Lair:2   | Found a staircase to the Swamp.
 17905 | Lair:2   | Received a gift from Okawaru
 18282 | Lair:2   | Reached skill level 17 in Axes
 18409 | Lair:2   | Identified the +1 cloak "Likh" {Will++ Dex-4 SInv Stlth+}
                  | (Okawaru gifted it to you on level 2 of the Lair of Beasts)
 18409 | Lair:2   | Received a gift from Okawaru
 19073 | Lair:3   | Noticed a cacodemon
 19231 | D:10     | Bought a +2 plate armour of fire resistance for 520 gold
                  | pieces
 19401 | Lair:3   | Found a one-way gate to the infinite horrors of the Abyss.
 19402 | Lair:3   | Noticed Fiunamek's ghost (journeyman HOFi)
 19551 | Lair:3   | Found a staircase to the Snake Pit.
 19669 | Lair:3   | Noticed Rupert
 19782 | Lair:3   | Killed Rupert
 19902 | Lair:3   | Found a transporter.
 19910 | Lair:3   | Found a transporter.
 20079 | Lair:3   | Reached skill level 18 in Axes
 20079 | Lair:3   | Reached XP level 14. HP: 51/88 MP: 19/19
 20506 | Lair:4   | Found a dark tunnel.
 20513 | Volcano  | Entered a volcano
 20542 | Volcano  | Reached skill level 10 in Shields
 20863 | Volcano  | Found a bloodstained altar of Trog.
 20887 | Volcano  | Found a bloodstained altar of Trog.
 20977 | Lair:4   | Received a gift from Okawaru
 20977 | Lair:4   | Found the +7 sceptre of Torment {pain, torment}
 21663 | Orc:1    | Entered Level 1 of the Orcish Mines
 21685 | Orc:1    | Noticed Snorg
 21693 | Orc:1    | Killed Snorg
 21693 | Orc:1    | Noticed Josephine
 21702 | Orc:1    | Killed Josephine
 22556 | Orc:1    | Found a runed translucent gate.
 22556 | Orc:1    | Found a runed translucent gate.
 22556 | Orc:1    | Found a runed translucent gate.
 22558 | Orc:1    | Found an opulent altar of Gozag.
 22560 | Orc:1    | Noticed Kausaega's ghost (journeyman DsGl)
 22769 | Orc:2    | Entered Level 2 of the Orcish Mines
 22770 | Orc:2    | Noticed an orc warlord
 22793 | Orc:2    | Killed an orc warlord
 22793 | Orc:2    | Noticed an orc warlord
 22800 | Orc:2    | Gained mutation: Your spells are a little harder to cast,
                  | but a little more powerful. [a neqoxec]
 22804 | Orc:1    | Reached ****** piety under Okawaru
 22892 | Orc:1    | Killed an orc warlord
 23310 | Orc:2    | Found Hidiwaite's Jewellery Shop.
 23316 | Orc:2    | Reached XP level 15. HP: 93/93 MP: 20/20
 23370 | Orc:2    | Received a gift from Okawaru
 23700 | Orc:2    | Found a staircase to the Elven Halls.
 23770 | Orc:2    | Found Keromebb's Antique Armour Shop.
 23898 | Orc:2    | Found Ybreela's Antique Weapon Shop.
 24101 | Orc:2    | Found Ewauwn's General Store.
 24111 | Orc:2    | Bought a scroll of vulnerability for 44 gold pieces
 24111 | Orc:2    | Bought a scroll of poison for 44 gold pieces
 25020 | D:13     | Found a gate to the Vaults.
 25492 | D:13     | Got the Lectures on Liminal Transfiguration
 25941 | D:14     | Identified Roxanne's Disquisition on the Gestalt
 25941 | D:14     | Noticed Roxanne
 25949 | D:14     | Killed from afar by Roxanne

Illustrated notes

Levels and vault maps discovered:
D:1:      lightli_arrival_quake, layout_basic, nrook_loot_triangle
D:2:      layout_rooms
D:3:      layout_loops_corners, nicolae_qazlal_scattered_showers, serial_shops,
          nicolae_shop_just_a_little_nook
D:4:      layout_cave_pools, fedhas_ov_isle_minmay,
          lemuel_zombie_altar_yredelemnul, lightli_ossuary_entry_decrepit_ruins
D:5:      layout_loops_ring, lemuel_doored_altar, gup_sewer_entry_spiral,
          nicolae_shop_vocational
D:6:      layout_loops_ring, tso_altar, nicolae_overflow_crystal_walls,
          minmay_temple_entry_slanted, serial_shops,
          nicolae_shop_overgrown_old_shop, minmay_a_box_with_orc_wizards_in_it
D:7:      layout_cave_pools, xom_confusion_cloud, grunt_dithmenos_smoke,
          wad_rectangle_vault
D:8:      layout_basic, gammafunk_temple_overflow_pools,
          mainiacjoe_overflow_tiny_flanked, demons_altar, dpeg_oklobed_lair,
          serial_ice, serial_ice_m, serial_ice_g, serial_ice_e, serial_ice_k,
          serial_ice_a, st_stairs_11, minivault_22, chequers_jeans,
          uniq_prince_ribbit1, uniq_psyche, uniq_grum
D:9:      layout_stronghold, mainiacjoe_overflow_paths, uniq_pikel, uniq_maurice
D:10:     layout_roguey, kennysheep_little_box, lemuel_tele_altar,
          kennysheep_slug_shrine, orc_david_3, minmay_misc_feat_pillars,
          small_statue_intersection
D:11:     layout_roguey, laboratory
D:12:     kb_forest_paths, layout_basic, minmay_statues_item,
          grunt_gozag_breadcrumbs
D:13:     layout_basic, grunt_vaults_entry_fortified, serial_co_window_serial,
          co_window_corner_a, co_window_cross_1, co_window_of_opportunity_a,
          co_window_corner_a, co_window_cross_1, co_window_corner_a,
          co_window_of_opportunity_a, co_window_cross_3, co_window_broadway_c,
          co_window_cross_2, co_window_2corner, co_window_corner_cb,
          glass_columns_b, glass_columns_a, glass_columns_a, glass_columns_a,
          glass_columns_a
D:14:     layout_rooms, interstate_on_off, uniq_roxanne
Temple:   nicolae_temple_two_arcs
Lair:1:   layout_long_grid, chequers_serial_rivers_small_3, uniq_nergalle
Lair:2:   layout_chaotic_city, minmay_swamp_entry_wisps,
          grunt_forest_small_clearings, st_stairs_6, serial_bayou_shore_a,
          lemuel_fruit_fields
Lair:3:   layout_hall_layers, dummy_snake_entry, gammafunk_ghost_abyssal_escape,
          uniq_rupert
Lair:4:   layout_concentric_octagons, enter_volcano_2
Orc:1:    minmay_goldmine, layout_caves, ebering_ghost_gozag, nooodl_orcs_dogs,
          uniq_snorg, uniq_josephine
Orc:2:    grunt_orc_gardens, layout_caves, grunt_orc_garden, grunt_orc_garden,
          grunt_orc_garden, grunt_orc_garden

Skill      XL: |  1  2  3  4  5  6  7  8  9 10 11 12 13 14 15 |
---------------+----------------------------------------------+-----
Axes           | 3 4 6 8 9 12 14 15 16 18 | 18.0
Dodging        | 2 4 7 9 10 12 | 12.9
Invocations    | 2 3 5 |  5.3
Fighting       | 5 7 9 10 11 | 11.0
Shields        | 5 6 8 9 12 13 | 13.2
Armour         | 4 |  4.6

Action                     |  1- 3 |  4- 6 |  7- 9 | 10-12 | 13-15 || total
---------------------------+-------+-------+-------+-------+-------++-------
  Melee: War axe           |    63 |   109 |   223 |    17 |       ||   412
         Kick              |     9 |    20 |    98 |   312 |   135 ||   574
         Peck              |     7 |    14 |    54 |   186 |    94 ||   355
         Whip              |       |       |   141 |   879 |    79 ||  1099
         Broad axe         |       |       |       |       |   361 ||   361
  Throw: Dart              |       |       |     1 |    10 |    10 ||    21
         Throwing net      |       |       |       |     1 |       ||     1
 Invoke: Heroism           |       |       |       |     7 |     7 ||    14
         Finesse           |       |       |       |       |     1 ||     1
  Evoke: Wand              |       |       |     5 |    12 |     4 ||    21
    Use: Potion            |       |     3 |     2 |     3 |     2 ||    10
         Scroll            |       |       |     1 |     9 |    16 ||    26
   Stab: Invisible         |       |       |       |       |     1 ||     1
 Armour: Scale mail        |    33 |       |       |       |       ||    33
         Ring mail         |       |    57 |   104 |   145 |    23 ||   329
         Plate armour      |       |       |       |       |   129 ||   129
  Dodge: Dodged            |    35 |    43 |   179 |   423 |   229 ||   909
  Block: Buckler           |    13 |    22 |    66 |   179 |   109 ||   389
         Tower shield      |       |       |       |       |    46 ||    46
